 Dungeon Crawl Stone Soup version 0.26.1-11-gd32895ea62 (webtiles) character file.

Game seed: 5035000610785796412

1718 bnorton916 the Magician (level 8, -11/44 HPs)
             Began as a Deep Elf Conjurer on July 11, 2021.
             Was an Initiate of Vehumet.
             Mangled by Prince Ribbit (18 damage)
             ... on level 6 of the Dungeon.
             The game lasted 00:14:00 (7124 turns).

bnorton916 the Magician (Deep Elf Conjurer)         Turns: 7124, Time: 00:14:01

Health: -11/44     AC:  4    Str: 11    XL:     8   Next: 75%
Magic:  15/21      EV: 14    Int: 25    God:    Vehumet [......]
Gold:   193        SH:  0    Dex: 13    Spells: 7/21 levels left

rFire    . . .     SeeInvis .   (no weapon)
rCold    . . .     Faith    .   (no shield)
rNeg     . . .     Spirit   .   a - +0 robe
rPois    .         Reflect  .   o - +1 helmet
rElec    .         Harm     .   (no cloak)
rCorr    .         Rampage  .   (no gloves)
Will     .....                  (no boots)
Stlth    +++.......             l - amulet of regeneration (curse)
HPRegen  0.54/turn              d - +6 ring of strength
MPRegen  0.17/turn              c - ring of wizardry

@: about to teleport
A: no striking features
a: Renounce Religion


You were on level 6 of the Dungeon.
You worshipped Vehumet.
Vehumet was noncommittal.
You visited 2 branches of the dungeon, and saw 8 of its levels.

You collected 249 gold pieces.
You spent 56 gold pieces at shops.

Inventory:

Hand Weapons
 s - the +10 battleaxe of the Revolution {holy, *Slow rElec Dex+2 SInv Stlth+}
   (You took it off a gnoll on level 5 of the Dungeon)

   It has been blessed by the Shining One to cause great damage to the undead
   and demons.
   It affects your dexterity (+2).
   It insulates you from electricity.
   It lets you see invisible.
   It may slow you when you take damage.
   It makes you more stealthy.
Missiles
 t - 6 silver boomerangs
Armour
 a - a +0 robe (worn)
 o - a +1 helmet (worn)
 q - the +1 leather armour of Giax {+Fly Str+3}
   (You found it on level 4 of the Dungeon)

   It affects your strength (+3).
   It lets you fly.
Magical Staves
 i - an uncursed staff of earth
Jewellery
 c - a ring of wizardry (right hand)
 d - a +6 ring of strength (left hand)
 l - a cursed amulet of regeneration (around neck)
 p - a cursed -4 ring of strength
 z - an uncursed ring of see invisible
Wands
 w - a wand of random effects (19)
Scrolls
 b - 5 scrolls of remove curse
 e - 6 scrolls of teleportation
 g - 4 scrolls of fog
 j - a scroll of enchant weapon
 r - 4 scrolls of identify
 y - a scroll of noise {unknown}
 A - a scroll of amnesia {unknown}
Potions
 f - a potion of mutation
 h - 3 potions of heal wounds
 k - 4 potions of brilliance
 m - 2 potions of curing
 n - 2 potions of might
 u - a potion of lignification {unknown}
 v - a potion of resistance {unknown}
 x - a potion of degeneration {unknown}


   Skills:
 + Level 2.2 Fighting
 + Level 4.4 Dodging
 + Level 4.6 Stealth
 - Level 7.3 Spellcasting
 - Level 7.2 Conjurations
 - Level 5.4 Hexes
 + Level 5.2 Translocations


You had 7 spell levels left.
You knew the following spells:

 Your Spells              Type           Power        Failure   Level
a - Magic Dart            Conj           100%         1%          1
b - Searing Ray           Conj           90%          1%          2
c - Dazzling Flash        Conj/Hex       80%          1%          3
d - Fulminant Prism       Conj/Hex       20%          1%          4
e - Iskenderun's Mystic   Conj/Tloc      40%          1%          4

Your spell library contained the following spells:

 Spells                   Type           Power        Failure   Level


Dungeon Overview and Level Annotations

Branches:
Dungeon (7/15)             Temple (1/1) D:6

Altars:
Ashenzari
Cheibriados
Dithmenos
Elyvilon
Fedhas
Gozag
Hepliaklqana
Kikubaaqudgha
Makhleb
Nemelex Xobeh
Okawaru
Qazlal
Ru
Trog
Uskayaw
Vehumet
Xom
Yredelemnul
Zin
The Shining One

Shops:
D:4 *

Annotations:
D:6 Prince Ribbit


Message History

* * * LOW HITPOINT WARNING * * *
An orc priest comes into view. It is wielding a +0 flail.
The gnoll shaman hits your fulminant prism with a +0 whip!
Your fulminant prism explodes!
The blast of energy engulfs the adder!!
You kill the adder!
Vehumet accepts your kill.
The blast of energy engulfs the gnoll shaman!!
You kill the gnoll shaman!
Vehumet accepts your kill.
The blast of energy engulfs the bullfrog skeleton!!
The bullfrog skeleton is almost destroyed.
You hear a shout!
The bullfrog skeleton closely misses you.
Prince Ribbit closely misses you.
You climb upwards.
There is a stone staircase leading down here.
As you read the scroll of teleportation, it crumbles to dust.
You feel strangely unstable. Prince Ribbit hits you!!
You die...

###.......### ..........####
...##........##
..#####.......##
...####........#
#....##......###
##.............#### ###
.#..............#.## ##.#
.............##F@..####..##
............###.#....#....#
...............###..#..#..#
................#.........###
.....##.....................#
.....##.....................#
.....##.................#..##
....................#...####
.>.................###.##


You could see Prince Ribbit.

Vanquished Creatures
  A water moccasin (D:4)
  An orc warrior (D:6)
  An ice beast (D:6)
  A sky beast (D:7)
  A necrophage (D:5)
  2 ogres
  A centaur (D:5)
  2 bullfrogs
  A howler monkey (D:4)
  A centaur zombie (D:6)
  3 hounds
  An orc priest (D:6)
  A gnoll shaman (D:7)
  2 orc wizards (D:6)
  A bullfrog skeleton (D:5)
  Ijyb (D:5)
  Terence (D:2)
  3 iguanas
  5 worker ants
  A hound zombie (D:5)
  A hound skeleton (D:5)
  8 adders
  9 gnolls
  A shadow imp (D:7)
  4 white imps
  An ufetubus (D:6)
  2 adder zombies (D:6)
  A worm (D:2)
  2 dart slugs
  4 leopard geckos
  10 orcs
  4 ball pythons
  9 bats
  5 giant cockroaches
  4 goblins
  8 hobgoblins
  5 jackals
  9 kobolds
  4 frilled lizards
  A jackal skeleton (D:6)
  12 rats
135 creatures vanquished.

Vanquished Creatures (others)
  An orc (D:3)
  10 fulminant prisms
11 creatures vanquished.

Grand Total: 146 creatures vanquished

Notes
Turn   | Place    | Note
-------+----------+-------------------------------------------
     0 | D:1      | bnorton916 the Deep Elf Conjurer began the quest for the
                  | Orb.
     0 | D:1      | Reached XP level 1. HP: 10/10 MP: 6/6
   168 | D:1      | Reached XP level 2. HP: 15/15 MP: 4/8
   171 | D:1      | Learned a level 2 spell: Searing Ray
   767 | D:2      | Reached skill level 5 in Conjurations
   767 | D:2      | Reached XP level 3. HP: 19/19 MP: 6/10
   950 | D:2      | Found a stormy altar of Qazlal.
  1070 | D:2      | Reached XP level 4. HP: 24/24 MP: 8/12
  1079 | D:2      | Learned a level 3 spell: Dazzling Flash
  1084 | D:2      | Learned a level 4 spell: Fulminant Prism
  1425 | D:2      | Noticed Terence
  1436 | D:2      | Killed Terence
  1437 | D:2      | Reached skill level 1 in Hexes
  2021 | D:2      | Reached skill level 5 in Spellcasting
  2607 | D:3      | Reached XP level 5. HP: 28/28 MP: 10/14
  2616 | D:3      | Learned a level 4 spell: Iskenderun's Mystic Blast
  2890 | D:3      | Found a white marble altar of Elyvilon.
  3306 | D:4      | Noticed an ogre
  3311 | D:4      | Killed an ogre
  3312 | D:4      | Reached skill level 1 in Translocations
  3386 | D:4      | Found Kouczi's Assorted Antiques.
  3394 | D:4      | Bought a scroll labelled ODGHIZY ZINEITH for 28 gold pieces
  3394 | D:4      | Bought a scroll labelled TOPOIKHL FACRA for 28 gold pieces
  3472 | D:4      | Reached XP level 6. HP: 32/32 MP: 10/16
  3816 | D:4      | Got a jewelled leather armour
  3886 | D:5      | Entered Level 5 of the Dungeon
  3886 | D:5      | Noticed a water moccasin
  3893 | D:4      | Killed a water moccasin
  4631 | D:5      | Identified the +1 leather armour of Giax {+Fly Str+3} (You
                  | found it on level 4 of the Dungeon)
  4648 | D:5      | Reached XP level 7. HP: 36/36 MP: 13/18
  4813 | D:5      | Identified the +10 battleaxe of the Revolution {holy, *Slow
                  | rElec Dex+2 SInv Stlth+}
  5487 | D:5      | Reached skill level 5 in Hexes
  5535 | D:5      | Found a blossoming altar of Fedhas.
  5766 | D:5      | Noticed Ijyb
  5772 | D:5      | Killed Ijyb
  5917 | D:6      | Found a sparkling altar of Nemelex Xobeh.
  6041 | D:5      | Reached XP level 8. HP: 34/41 MP: 17/21
  6207 | D:6      | Found a snail-covered altar of Cheibriados.
  6217 | D:6      | Reached skill level 1 in Fighting
  6594 | D:6      | Found a hazy altar of Hepliaklqana.
  6906 | D:6      | Found a staircase to the Ecumenical Temple.
  6917 | Temple   | Entered the Ecumenical Temple
  6921 | Temple   | Became a worshipper of Vehumet
  7025 | D:7      | Noticed Prince Ribbit
  7029 | D:7      | Reached skill level 5 in Translocations
  7124 | D:6      | Mangled by Prince Ribbit

Illustrated notes

Levels and vault maps discovered:
D:1:      psy_arrival_basics, layout_basic, serial_glass, glass_columns_a,
          glass_columns_b, glass_columns_a, glass_columns_b, glass_columns_c,
          glass_columns_b, glass_columns_a, glass_columns_a,
          serial_bayou_crossing
D:2:      layout_loops_ring, lemuel_round_altar, uniq_terence
D:3:      layout_basic, elyvilon_altar_4, nrook_campfire
D:4:      layout_gridville, serial_shops, shop_statue
D:5:      layout_rooms, fedhas_altar_1, uniq_ijyb
D:6:      layout_cave_pools, nicolae_overflow_crystal_walls,
          nemelex_xobeh_ov_fountains_minmay, lemuel_doored_altar,
          minmay_temple_entry_poolview
D:7:      layout_cave_pools, serial_gnoll_camp, gnoll_camp_mini_hut,
          gnoll_camp_mini_basic, gnoll_camp_huts_basic, gnoll_camp_mini_house,
          gnoll_camp_mini_sergeant, gnoll_camp_mini_shop, uniq_prince_ribbit1
Temple:   zaba_magenta_temple

Skill      XL: |  1  2  3  4  5  6  7  8 |
---------------+-------------------------+-----
Spellcasting   | 4 5 6 7 |  7.3
Conjurations   | 5 6 7 |  7.2
Hexes          | 1 2 4 5 |  5.4
Translocations | 1 2 4 5 |  5.2
Fighting       | 2 |  2.2
Dodging        | 4 |  4.4
Stealth        | 4 |  4.6

Action                   |  1- 3 |  4- 6 |  7- 9 || total
-------------------------+-------+-------+-------++-------
Melee: Unarmed           |     2 |       |       ||     2
 Cast: Magic Dart        |    55 |    81 |   122 ||   258
       Searing Ray       |     1 |     9 |    12 ||    22
       Fulminant Prism   |       |     1 |     9 ||    10
       Dazzling Flash    |       |     1 |       ||     1
  Use: Scroll            |       |    10 |     1 ||    11
Armor: Robe              |     3 |     3 |     7 ||    13
Dodge: Dodged            |     6 |    27 |    45 ||    78
